 Dungeon Crawl Stone Soup version 0.32-a0-291-gfdec872 (webtiles) character file.

Game seed: 6524300778847197242

1926 Dawnplanks the Basher (level 8, 0/70 HPs)
             Began as a Mountain Dwarf Fighter on Feb 13, 2024.
             Slain by a wyvern (9 damage)
             ... on level 7 of the Dungeon.
             The game lasted 00:12:59 (6310 turns).

Dawnplanks the Basher (Mountain Dwarf Fighter)      Turns: 6310, Time: 00:13:00

Health: 0/70       AC: 13    Str: 20    XL:     8   Next: 96%
Magic:  8/8        EV:  8    Int: 10    God:
Gold:   225        SH: 10    Dex:  9    Spells: 7/7 levels left

rFire   + + .        a - +0 flail
rCold   + . .        c - +0 buckler
rNeg    + . .        v - +0 chain mail
rPois   .            (no helmet)
rElec   .            r - scarf of Winter {rC+ rF+, Will+}
rCorr   .            D - +0 pair of gloves
SInv    .            m - +0 pair of boots
Will    +....        d - amulet of reflection Stlth
                     z - ring of protection from fire
HPRegen 0.31/turn    I - ring of positive energy
MPRegen 0.11/turn

%: reflection
@: studying Throwing
A: runic magic, artefact enchanting
a: no special abilities


You were on level 7 of the Dungeon.
You visited 1 branch of the dungeon, and saw 7 of its levels.

You collected 279 gold pieces.
You spent 54 gold pieces at shops.

Inventory:

Hand Weapons
 a - a +0 flail (weapon)
 A - a +2 hand axe of electrocution
Missiles
 y - 18 stones (quivered)
 B - a throwing net
Armour
 c - a +0 buckler (worn)
 m - a +0 pair of boots (worn)
 r - the scarf of Winter (worn) {rC+ rF+, Will+}
   (You found it on level 3 of the Dungeon)

   Will+:     It increases your willpower.
 v - a +0 chain mail (worn)
 D - a +0 pair of gloves (worn)
Jewellery
 d - an amulet of reflection (around neck)
 z - a ring of protection from fire (left hand)
 G - a ring of flight
 I - a ring of positive energy (right hand)
Wands
 H - a wand of charming (6)
Scrolls
 b - a scroll of fog {unknown}
 e - 4 scrolls of enchant weapon {unknown}
 f - 2 scrolls of torment {unknown}
 g - 2 scrolls of fear {unknown}
 h - a scroll of blinking
 i - 2 scrolls of amnesia
 k - 2 scrolls of immolation {unknown}
 n - a scroll of butterflies {unknown}
 o - 2 scrolls of teleportation
 p - 2 scrolls of revelation {unknown}
 t - a scroll of enchant armour {unknown}
 u - a scroll of vulnerability {unknown}
 F - a scroll of acquirement {unknown}
Potions
 j - a potion of mutation
 l - 2 potions of attraction
 q - a potion of resistance
 s - 3 potions of brilliance {unknown}
 w - 3 potions of curing
 x - a potion of lignification {unknown}
 C - 2 potions of might
 E - a potion of magic {unknown}


   Skills:
 + Level 6.1 Fighting
 + Level 9.2 Maces & Flails
 + Level 1.1 Throwing
 + Level 6.8 Armour
 - Level 1.0 Dodging
 + Level 6.2 Shields


You had 7 spell levels left.
You didn't know any spells.
Your spell library contained the following spells:

 Spells                   Type           Power      Damage    Failure   Level
 Kiss of Death            Conj/Necr      0%         2d5       58%         1
 Confusing Touch          Hex            0%         N/A       91%         3
 Dispel Undead            Necr           0%         3d6       100%        4


Dungeon Overview and Level Annotations

Branches:
Dungeon (7/15)
 Temple: D:4-7

Altars:
Hepliaklqana
Kikubaaqudgha
Nemelex Xobeh
Trog

Shops:
D:2 [   D:3 ?   D:6 *


Innate Abilities, Weirdness & Mutations

Your spellcasting is much less encumbered by armour.
You can use scrolls of enchantment on lesser artefacts.


Message History

The wyvern bites you! The wyvern barely misses you.
You sock the wyvern!
The wyvern is almost dead.
The wyvern barely misses you.
You hit the wyvern.
The wyvern is almost dead.
You block the wyvern's attack. The wyvern bites you.
You are too injured to fight recklessly!
You are too injured to fight recklessly!
You are too injured to fight recklessly!
You are too injured to fight recklessly!
You are too injured to fight recklessly!
You hit the wyvern but do no damage.
The wyvern is almost dead.
You block the wyvern's attack. The wyvern barely misses you.
You barely miss the wyvern.
The wyvern is almost dead.
The wyvern barely misses you.
You hit the wyvern but do no damage.
The wyvern is almost dead.
The wyvern bites you! The wyvern bites you.
* * * LOW HITPOINT WARNING * * *
You closely miss the wyvern.
The wyvern is almost dead.
The wyvern bites you!
* * * LOW HITPOINT WARNING * * *
You barely miss the wyvern.
The wyvern is almost dead.
You block the wyvern's attack.
You closely miss the wyvern.
The wyvern is almost dead.
The wyvern completely misses you. You block the wyvern's attack.
You barely miss the wyvern.
The wyvern is almost dead.
The wyvern bites you.
* * * LOW HITPOINT WARNING * * *
You completely miss the wyvern.
The wyvern is almost dead.
You block the wyvern's attack. The wyvern bites you!
You die...

####.#... .#
#...<...# ###.#
#.......#
...###........
##...##.....>..
#..#.##........ #
#....##))......
#.##.#.###@k.>....
#.........#######.
####%####.#
#>####.# #.<..#.#
#.##......
#......###
########


You could see a wyvern.

Vanquished Creatures
  Grinder (D:5)
  A sky beast (D:6)
  An ogre (D:5)
  2 phantoms
  A bullfrog (D:4)
  5 scorpions
  4 hounds
  4 orc priests
  3 jellies
  A gnoll bouda (D:4)
  A sleepcap (D:6)
  2 orc wizards
  3 iguanas
  26 gnolls
  8 adders
  4 white imps
  2 ufetubi (D:6)
  7 dart slugs
  9 orcs
  5 endoplasms
  3 giant cockroaches
  5 goblins
  6 hobgoblins
  7 kobolds
  3 ball pythons
  4 bats (D:1)
  2 frilled lizards
  2 frilled lizard zombies (D:4)
  10 rats
132 creatures vanquished.

Notes
Turn   | Place    | Note
-------+----------+-------------------------------------------
     0 | D:1      | Dawnplanks the Mountain Dwarf Fighter began the quest for
                  | the Orb.
     0 | D:1      | Reached XP level 1. HP: 19/19 MP: 1/1
   176 | D:1      | Reached XP level 2. HP: 26/26 MP: 2/2
   394 | D:1      | Reached XP level 3. HP: 33/33 MP: 3/3
   813 | D:2      | Found Akhlan Hiume's Antique Armour Boutique.
   818 | D:2      | Reached skill level 3 in Maces & Flails
  1066 | D:2      | Reached XP level 4. HP: 35/40 MP: 4/4
  1243 | D:2      | Reached skill level 4 in Maces & Flails
  1426 | D:2      | Reached XP level 5. HP: 44/46 MP: 5/5
  1775 | D:3      | Reached skill level 1 in Dodging
  1826 | D:3      | Found Zym Zuheutoe's Magic Scroll Shop.
  1834 | D:3      | Bought a scroll of identify for 28 gold pieces
  1886 | D:3      | Identified the scarf of Winter {rC+ rF+, Will+}
  2075 | D:3      | You fall into a shaft and drop 1 floor!
  2076 | D:4      | Found a sparkling altar of Nemelex Xobeh.
  2104 | D:4      | Found a bloodstained altar of Trog.
  2149 | D:4      | Reached XP level 6. HP: 47/53 MP: 6/6
  2241 | D:3      | Reached skill level 5 in Maces & Flails
  2376 | D:3      | Found a hazy altar of Hepliaklqana.
  3063 | D:4      | Found an ancient bone altar of Kikubaaqudgha.
  3189 | D:4      | Reached skill level 5 in Armour
  3189 | D:4      | Reached XP level 7. HP: 45/60 MP: 7/7
  3325 | D:4      | Reached skill level 6 in Maces & Flails
  3695 | D:4      | Reached skill level 5 in Fighting
  3982 | D:5      | Entered Level 5 of the Dungeon
  4026 | D:5      | Reached skill level 7 in Maces & Flails
  4314 | D:5      | Reached skill level 5 in Shields
  4397 | D:5      | Reached XP level 8. HP: 60/69 MP: 8/8
  4501 | D:5      | Noticed Grinder
  4555 | D:5      | Killed Grinder
  4556 | D:5      | Reached skill level 8 in Maces & Flails
  4944 | D:5      | Reached skill level 1 in Throwing
  5672 | D:6      | Reached skill level 9 in Maces & Flails
  5968 | D:6      | Found Siofis's General Store.
  5977 | D:6      | Bought a scroll of identify for 26 gold pieces
  6310 | D:7      | Slain by a wyvern

Illustrated notes

Levels and vault maps discovered:
D:1:      nagdon_arrival_double_spiral, layout_basic
D:2:      layout_basic, serial_shops, nicolae_shop_window_shopping
D:3:      layout_basic, mainiacjoe_overflow_six_doors_small, serial_shops,
          nicolae_shop_tiny_statue_garden, minmay_misc_feat_enclosed,
          serial_bayou_pond_d
D:4:      layout_basic, lemuel_zombie_altar_kikubaaqudgha,
          nicolae_overflow_squiral, minmay_manual_maat
D:5:      layout_basic, uniq_grinder
D:6:      layout_basic, serial_shops, shop, palyth_stone_intersect
D:7:      layout_loops_cross, minmay_temple_entry_poolview, serial_shops,
          nicolae_shop_hallway_plus, uniq_pikel

Skill      XL: |  1  2  3  4  5  6  7  8 |
---------------+-------------------------+-----
Maces & Flails | 3 4 5 7 9 |  9.2
Fighting       | 4 5 6 |  6.1
Shields        | 4 5 6 |  6.2
Armour         | 4 5 6 |  6.8
Dodging        | 1 |  1.0
Throwing       | 1 |  1.1

Action                     |  1- 3 |  4- 6 |  7- 9 || total
---------------------------+-------+-------+-------++-------
  Melee: Flail             |   145 |   179 |   388 ||   712
  Throw: Stone             |       |       |    34 ||    34
    Use: Scroll            |       |     1 |     6 ||     7
         Potion            |       |     1 |     3 ||     4
   Stab: Distracted        |       |     1 |       ||     1
 Armour: Scale mail        |   114 |    98 |   121 ||   333
         Chain mail        |       |       |   145 ||   145
  Dodge: Dodged            |    83 |    69 |   124 ||   276
  Block: Buckler           |    36 |    56 |   205 ||   297
         Reflection        |       |       |     1 ||     1

Table legend: (Time is in decaauts)
 A = Elapsed time spent in this place.
 B = Non-inter-level travel time spent in this place.
 C = Inter-level travel time spent in this place.
 D = Time resting spent in this place.
 E = Time spent auto-exploring this place.
 F = Levels seen in this place.
 G = Mean time per level.
                   A        B        C        D        E       F      G
               +--------+--------+--------+--------+--------+-----+--------+
         Total |   6443 |   6227 |    216 |     11 |   4931 |   7 |  920.4 |
       Dungeon |   6443 |   6227 |    216 |     11 |   4931 |   7 |  920.4 |
               +--------+--------+--------+--------+--------+-----+--------+

Top non-repeatable levels by time:
     D:4: 1328 daAuts
     D:5: 1267 daAuts
     D:6: 1002 daAuts
     D:3: 965 daAuts
     D:2: 963 daAuts
     D:1: 854 daAuts
     D:7: 61 daAuts
